 Dungeon Sprint DCSS version 0.16.2-2-g470672f (webtiles) character file.

14400000 ztt the Plane Walker (level 27, -12/271 (273) HPs)
             Began as a Ghoul Warper on Aug 27, 2015.
             Was the Champion of Makhleb.
             Mangled by a fleshlord
             ... wielding a +9 great mace
              (283 damage)
             ... in the Dungeon (Sprint VIII: "Arena of Blood").
             The game lasted 00:03:03 (144 turns).

ztt the Plane Walker (Ghoul Warper)                  Turns: 144, Time: 00:03:03

HP:   -12/271 (273) AC:  6    Str: 18 (19) XL:     27
MP:   35/49         EV: 28    Int:  8      God:    Makhleb [******]
Gold: 0             SH:  0    Dex: 13 (17) Spells: 1 memorised, 79 levels left

rFire  . . .     SeeInvis +     j - +โˆž Axe of Woe
rCold  + . .     Clarity  .     b - +0 leather armour
rNeg   + + +     SustAb   .     (no shield) rPois โˆž
Gourm  .                        (no helmet)
rElec  .         Spirit   .     (no cloak)
rCorr  .         Warding  .     (no gloves)
rMut   .         NoTele   +     (no boots)
MR     ++...                    (no amulet)
Stlth  +++++++++.               (no ring)
                                k - ring of see invisible

@: rotting, slowed, very slow, very resistant to hostile enchantments,
incredibly stealthy
A: rotting body, claws 1, carnivore 3, cold resistance 1, negative energy
resistance 3, poison resistance, slow healing 1, torment resistance, unbreathing
a: Minor Destruction, Lesser Servant of Makhleb, Major Destruction, Greater
Servant of Makhleb, Renounce Religion


You were in the Dungeon.
You worshipped Makhleb.
Makhleb was exalted by your worship.
You were not hungry.

You visited 1 branch

Inventory:

Hand weapons
 a - a +0 hand axe
 j - the +โˆž Axe of Woe (weapon)
   (You found it in the Dungeon)
Missiles
 e - 5 tomahawks of dispersal (quivered)
Armour
 b - a +0 leather armour (worn)
Jewellery
 k - a ring of see invisible (left claw)
 l - an uncursed ring of protection from fire
Scrolls
 d - 2 scrolls of blinking
Potions
 f - a potion of curing
 g - a potion of heal wounds
 h - a potion of haste
 i - 2 potions of magic
Books
 c - a book of Spatial Translocations

   Spells                             Type                      Level
   a - Apportation                    Translocation                1
   b - Blink                          Translocation                2
   c - Shroud of Golubria             Charms/Translocation         2
   d - Portal Projectile              Translocation                3
   e - Teleport Other                 Translocation                3
   f - Passage of Golubria            Translocation                4


   Skills:
 O Level 27 Fighting
 O Level 27 Axes
 O Level 27 Throwing
 O Level 27 Armour
 O Level 27 Dodging
 O Level 27 Stealth
 O Level 27 Unarmed Combat
 O Level 27 Spellcasting
 O Level 27 Translocations
 O Level 27 Invocations


You had 79 spell levels left.
You knew the following spells:

 Your Spells              Type           Power        Failure   Level  Hunger
a - Apportation           Tloc           ######....   0%          1    None


Dungeon Overview and Level Annotations

Branches:
Dungeon (1/1)

Altars:
Makhleb


Innate Abilities, Weirdness & Mutations

Your body is rotting away.
You thrive on raw meat.
You have sharp fingernails.
You are carnivorous and can eat meat at any time.
Your flesh is cold resistant.
You are immune to negative energy.
Your system is resistant to poisons.
You heal slowly when monsters are visible.
You are immune to unholy pain and torment.
You can survive without breathing.


Message History

You dissect the bag of meat like a pig carcass.
You kill the bag of meat!
Makhleb accepts your kill.
You feel a little better.
You slash the bag of meat!
You fatally mangle the bag of meat.
You kill the bag of meat!
Makhleb accepts your kill.
You feel a little better.
You hit the crawling corpse.
You dissect the crawling corpse like a pig carcass.
You destroy the crawling corpse! ------------------------------------------------------------------------------ ------------------------------------------------------------------------------ -- The Meatlord has descended... -- ------------------------------------------------------------------------------ ------------------------------------------------------------------------------ You hear a shout! x5
The fleshlord mumbles some strange words.
The fleshlord seems to speed up.
Some corpses begin to drag themselves along the ground!
Some corpses meld into an agglomeration of writhing flesh!
You hear a shout!
The fleshlord hits you with a +9 great mace!!!!!
Ouch! That really hurt!
You die...

... # #..... .###
#....# . ....
#....##pM. .....
#.....#op o ......
#.....p###oo .......
#...x.##.z..#.......
#...p#.O.o....#.....
#..@x#...ยง..........
#..)2)O.z........###
#...)xM............#
#...)).............#
#..)))....#........%
#..x.x)..#.#.#......
#...x)....#.#.......
#.)###X..#.#.#.%...%
#...o##)).#.#%.)%.#%


You could see 2 accurseds, a meat beast, 4 fleshlords, a sculptor of flesh, a
large abomination, a meat berserker (berserk), 2 small abominations and a bag of
meat.

Vanquished Creatures
  Edmund (D)
  4 greater mummies (D)
  9 hell beasts (D)
  6 hell knights (D)
  8 hill giants (D)
  3 hydras (D)
  3 liches (D)
  20 ogres (D)
  63 orcs (D)
  3 phantoms (D)
  5 skeletal warriors (D)
  9 vampire knights (D)
  3 wraiths (D)
  5 sea snakes (D)
  3 tentacled monstrosities (D)
  2 small abominations (D)
  7 large abominations (D)
  3 crawling corpses (D)
157 creatures vanquished.

Vanquished Creatures (others)
  7 crawling corpses (D)
7 creatures vanquished.

Grand Total: 164 creatures vanquished

Notes
Turn   | Place    | Note
--------------------------------------------------------------
     0 | D        | ztt, the Ghoul Warper, began the quest for the Orb.
     0 | D        | Reached XP level 1. HP: 17/17 MP: 2/2
     3 | D        | Noticed a bag of meat
     3 | D        | Noticed a bag of meat
     4 | D        | Became a worshipper of Makhleb the Destroyer
     5 | D        | Noticed a bag of meat
     8 | D        | Noticed a bag of meat
     8 | D        | Noticed a bag of meat
     8 | D        | Noticed a bag of meat
     8 | D        | Noticed a bag of meat
     9 | D        | Noticed a bag of meat
     9 | D        | Noticed a bag of meat
     9 | D        | Killed a bag of meat
     9 | D        | Reached skill level 11 in Fighting
     9 | D        | Reached skill level 10 in Spellcasting
     9 | D        | Reached skill level 17 in Translocations
     9 | D        | Reached XP level 2. HP: 20/40 MP: 2/16
     9 | D        | Reached XP level 3. HP: 23/47 MP: 2/18
     9 | D        | Reached XP level 4. HP: 26/55 MP: 2/20
     9 | D        | Reached XP level 5. HP: 28/61 MP: 2/21
     9 | D        | Reached XP level 6. HP: 31/68 MP: 2/23
     9 | D        | Reached XP level 7. HP: 33/74 MP: 2/24
     9 | D        | Reached XP level 8. HP: 36/82 MP: 2/25
     9 | D        | Reached XP level 9. HP: 39/89 MP: 2/27
     9 | D        | Reached XP level 10. HP: 42/96 MP: 2/27
     9 | D        | Reached XP level 11. HP: 44/102 MP: 2/28
    10 | D        | Noticed a bag of meat
    10 | D        | Noticed a meat berserker
    10 | D        | Killed a bag of meat
    10 | D        | Acquired Makhleb's first power
    10 | D        | Reached skill level 10 in Axes
    10 | D        | Reached skill level 10 in Dodging
    10 | D        | Reached skill level 19 in Translocations
    10 | D        | Reached XP level 12. HP: 47/113 MP: 2/31
    11 | D        | Noticed a meat berserker
    11 | D        | Noticed a bag of meat
    11 | D        | Noticed a meat berserker
    11 | D        | Noticed a bag of meat
    11 | D        | Noticed a bag of meat
    12 | D        | Noticed a bag of meat
    12 | D        | Killed a bag of meat
    12 | D        | Reached skill level 20 in Translocations
    12 | D        | Reached XP level 13. HP: 30/123 MP: 2/32
    12 | D        | Killed a bag of meat
    12 | D        | Acquired Makhleb's second power
    12 | D        | Reached skill level 22 in Translocations
    12 | D        | Reached XP level 14. HP: 84/133 MP: 2/34
    12 | D        | Killed a bag of meat
    12 | D        | Reached skill level 15 in Fighting
    12 | D        | Reached skill level 23 in Translocations
    13 | D        | Noticed a bag of meat
    13 | D        | Killed a meat berserker
    13 | D        | Acquired Makhleb's third power
    13 | D        | Reached XP level 15. HP: 38/144 MP: 3/35
    13 | D        | Killed a bag of meat
    13 | D        | Reached skill level 24 in Translocations
    13 | D        | Killed a bag of meat
    13 | D        | Reached skill level 15 in Axes
    13 | D        | Reached skill level 5 in Armour
    13 | D        | Reached skill level 15 in Spellcasting
    13 | D        | Reached skill level 25 in Translocations
    13 | D        | Killed a bag of meat
    13 | D        | Acquired Makhleb's fourth power
    13 | D        | Reached skill level 26 in Translocations
    13 | D        | Reached XP level 16. HP: 130/157 MP: 3/37
    13 | D        | Killed a bag of meat
    13 | D        | Reached skill level 15 in Dodging
    13 | D        | Killed a bag of meat
    13 | D        | Reached skill level 27 in Translocations
    14 | D        | Killed a meat berserker
    14 | D        | Acquired Makhleb's fifth power
    14 | D        | Killed a meat berserker
    14 | D        | Reached XP level 17. HP: 170/173 MP: 3/39
    15 | D        | Noticed a meat berserker
    16 | D        | Killed a bag of meat
    16 | D        | Reached skill level 5 in Throwing
    16 | D        | Killed a bag of meat
    16 | D        | Killed a bag of meat
    16 | D        | Killed a bag of meat
    16 | D        | Reached XP level 18. HP: 185/190 MP: 4/41
    17 | D        | Noticed a bag of meat
    17 | D        | Noticed a meat berserker
    17 | D        | Noticed a bag of meat
    18 | D        | Noticed a large bag of meat
    19 | D        | Noticed a bag of meat
    19 | D        | Killed a large bag of meat
    19 | D        | Reached skill level 10 in Armour
    19 | D        | Killed a bag of meat
    19 | D        | Killed a meat berserker
    20 | D        | Noticed a bag of meat
    20 | D        | Noticed a bag of meat
    20 | D        | Noticed a bag of meat
    20 | D        | Noticed a large bag of meat
    20 | D        | Noticed a large bag of meat
    20 | D        | Noticed a bag of meat
    21 | D        | Noticed a destroyer
    21 | D        | Noticed a bag of meat
    22 | D        | Noticed a large bag of meat
    22 | D        | Noticed a bag of meat
    23 | D        | Noticed a bag of meat
    23 | D        | Killed a meat berserker
    24 | D        | Killed a bag of meat
    24 | D        | Reached skill level 27 in Fighting
    24 | D        | Reached XP level 19. HP: 203/207 MP: 6/42
    24 | D        | Killed a large bag of meat
    24 | D        | Killed a bag of meat
    24 | D        | Killed a destroyer
    24 | D        | Reached skill level 27 in Axes
    25 | D        | Killed a bag of meat
    26 | D        | Killed a bag of meat
    26 | D        | Killed a large bag of meat
    26 | D        | Reached skill level 15 in Armour
    26 | D        | Reached XP level 20. HP: 216/216 MP: 6/44
    26 | D        | Killed a bag of meat
    28 | D        | Noticed a destroyer
    28 | D        | Noticed a meat berserker
    28 | D        | Killed a bag of meat
    28 | D        | Killed a bag of meat
    28 | D        | Reached skill level 10 in Throwing
    29 | D        | Noticed a bag of meat
    29 | D        | Noticed a meat berserker
    29 | D        | Killed a large bag of meat
    29 | D        | Killed a bag of meat
    29 | D        | Reached skill level 27 in Dodging
    29 | D        | Reached skill level 27 in Spellcasting
    31 | D        | Noticed a sculptor of flesh
    31 | D        | Noticed a large bag of meat
    31 | D        | Killed a bag of meat
    31 | D        | Reached XP level 21. HP: 196/224 MP: 6/46
    31 | D        | Killed a meat berserker
    31 | D        | Killed a bag of meat
    33 | D        | Noticed a bag of meat
    34 | D        | Noticed a sculptor of flesh
    34 | D        | Noticed a bag of meat
    35 | D        | Killed a sculptor of flesh
    35 | D        | Reached skill level 15 in Throwing
    36 | D        | Noticed a destroyer
    36 | D        | Killed a meat berserker
    38 | D        | Killed a destroyer
    38 | D        | Killed a bag of meat
    38 | D        | Reached skill level 27 in Armour
    39 | D        | Noticed a large bag of meat
    39 | D        | Killed a large bag of meat
    39 | D        | Reached XP level 22. HP: 131/232 MP: 8/47
    39 | D        | Killed a bag of meat
    41 | D        | Noticed a sculptor of flesh
    41 | D        | Killed a destroyer
    42 | D        | Noticed a destroyer
    43 | D        | Noticed a sculptor of flesh
    43 | D        | Killed a bag of meat
    43 | D        | Reached skill level 27 in Throwing
    43 | D        | Killed a sculptor of flesh
    44 | D        | Noticed a destroyer
    45 | D        | Noticed a bag of meat
    46 | D        | Killed a sculptor of flesh
    48 | D        | Killed a large bag of meat
    48 | D        | Reached skill level 15 in Stealth
    49 | D        | Killed a destroyer
    49 | D        | Reached skill level 15 in Unarmed Combat
    49 | D        | Reached skill level 15 in Invocations
    50 | D        | Noticed a meat berserker
    50 | D        | Noticed a destroyer
    51 | D        | Killed a sculptor of flesh
    51 | D        | Reached XP level 23. HP: 239/239 MP: 11/47
    51 | D        | Killed a destroyer
    53 | D        | Noticed a bag of meat
    54 | D        | Killed a bag of meat
    54 | D        | Killed a meat berserker
    56 | D        | Killed a destroyer
    57 | D        | Noticed a sculptor of flesh
    58 | D        | Noticed an accursed
    58 | D        | Killed a bag of meat
    59 | D        | Noticed a meat berserker
    59 | D        | Killed an accursed
    59 | D        | Reached skill level 27 in Stealth
    61 | D        | Noticed a bag of meat
    62 | D        | Killed a sculptor of flesh
    63 | D        | Killed a meat berserker
    63 | D        | Reached XP level 24. HP: 248/248 MP: 14/48
    64 | D        | Noticed a bag of meat
    65 | D        | Noticed a bag of meat
    66 | D        | Noticed a bag of meat
    66 | D        | Noticed a bag of meat
    66 | D        | Noticed a bag of meat
    67 | D        | Noticed a bag of meat
    67 | D        | Noticed a bag of meat
    68 | D        | Noticed a bag of meat
    68 | D        | Noticed a bag of meat
    68 | D        | Noticed a large bag of meat
    68 | D        | Noticed a bag of meat
    68 | D        | Noticed a bag of meat
    68 | D        | Noticed a bag of meat
    68 | D        | Noticed a bag of meat
    68 | D        | Noticed a bag of meat
    68 | D        | Noticed a bag of meat
    68 | D        | Noticed a destroyer
    69 | D        | Noticed a bag of meat
    69 | D        | Noticed a bag of meat
    69 | D        | Noticed a bag of meat
    69 | D        | Noticed a meat berserker
    69 | D        | Noticed a meat berserker
    69 | D        | Noticed a bag of meat
    70 | D        | Noticed a meat berserker
    70 | D        | Noticed a bag of meat
    70 | D        | Noticed a tyrant
    70 | D        | Noticed a meat beast
    70 | D        | Killed a bag of meat
    71 | D        | Killed a meat beast
    71 | D        | Reached skill level 27 in Unarmed Combat
    71 | D        | Reached skill level 27 in Invocations
    72 | D        | Killed a bag of meat
    72 | D        | Killed a bag of meat
    73 | D        | Noticed a bag of meat
    73 | D        | Noticed a meat berserker
    73 | D        | Killed a bag of meat
    73 | D        | Killed a meat berserker
    73 | D        | Killed a bag of meat
    74 | D        | Noticed a meat berserker
    74 | D        | Killed a meat berserker
    74 | D        | Killed a meat berserker
    74 | D        | Reached XP level 25. HP: 256/256 MP: 17/48
    74 | D        | Killed a bag of meat
    74 | D        | Killed a destroyer
    74 | D        | Killed a bag of meat
    75 | D        | Killed a bag of meat
    76 | D        | Noticed a bag of meat
    76 | D        | Noticed a meat beast
    76 | D        | Noticed a bag of meat
    76 | D        | Killed a bag of meat
    77 | D        | Noticed a bag of meat
    77 | D        | Noticed a destroyer
    77 | D        | Killed a bag of meat
    77 | D        | Killed a bag of meat
    77 | D        | Killed a bag of meat
    78 | D        | Noticed a bag of meat
    78 | D        | Killed a bag of meat
    78 | D        | Killed a meat beast
    78 | D        | Reached XP level 26. HP: 265/265 MP: 18/48
    80 | D        | Killed a bag of meat
    80 | D        | Killed a bag of meat
    80 | D        | Killed a bag of meat
    80 | D        | Killed a bag of meat
    81 | D        | Killed a large bag of meat
    81 | D        | Killed a meat berserker
    81 | D        | Killed a bag of meat
    82 | D        | Killed a bag of meat
    82 | D        | Killed a meat berserker
    83 | D        | Noticed a bag of meat
    84 | D        | Noticed a meat berserker
    85 | D        | Killed a bag of meat
    85 | D        | Reached XP level 27. HP: 271/271 MP: 20/49
    86 | D        | Noticed a meat beast
    86 | D        | Killed a tyrant
    87 | D        | Noticed a bag of meat
    87 | D        | Killed a bag of meat
    88 | D        | Noticed a wretched soul
    88 | D        | Killed a destroyer
    89 | D        | Noticed a bag of meat
    89 | D        | Noticed an accursed
    89 | D        | Killed a bag of meat
    90 | D        | Killed a bag of meat
    91 | D        | Killed a meat beast
    92 | D        | Noticed a bag of meat
    92 | D        | Killed a meat berserker
    92 | D        | Killed a wretched soul
    93 | D        | Noticed a bag of meat
    93 | D        | Noticed a meat beast
    96 | D        | Killed a meat beast
    97 | D        | Noticed a meat berserker
    97 | D        | Noticed an accursed
    99 | D        | Killed a bag of meat
   100 | D        | Killed a bag of meat
   100 | D        | Killed a bag of meat
   101 | D        | Noticed a tyrant
   101 | D        | Noticed The Defiler
   102 | D        | Killed an accursed
   102 | D        | Killed a bag of meat
   103 | D        | Killed a bag of meat
   105 | D        | Killed a meat berserker
   106 | D        | Killed a bag of meat
   107 | D        | Noticed a destroyer
   107 | D        | Killed a bag of meat
   108 | D        | Noticed a bag of meat
   109 | D        | Killed an accursed
   113 | D        | Killed The Defiler
   113 | D        | Killed a destroyer
   113 | D        | Killed a tyrant
   114 | D        | Noticed a meat berserker
   115 | D        | Noticed an accursed
   116 | D        | Noticed a meat beast
   116 | D        | Killed a bag of meat
   117 | D        | Noticed a large bag of meat
   118 | D        | Killed a meat berserker
   119 | D        | Killed a meat beast
   120 | D        | Noticed a fleshlord
   120 | D        | Noticed a fleshlord
   121 | D        | Killed a fleshlord
   123 | D        | Noticed a fleshlord
   124 | D        | Noticed a dread
   124 | D        | Noticed a fleshlord
   124 | D        | Killed a large bag of meat
   125 | D        | Noticed a dread
   125 | D        | Killed an accursed
   125 | D        | Killed a fleshlord
   126 | D        | Noticed a meat beast
   126 | D        | Noticed a fleshlord
   126 | D        | Killed a fleshlord
   127 | D        | Noticed a fleshlord
   128 | D        | Noticed a meat berserker
   128 | D        | Killed a meat beast
   129 | D        | Killed a fleshlord
   129 | D        | Killed a fleshlord
   129 | D        | Killed a dread
   130 | D        | Noticed a fleshlord
   131 | D        | Noticed a meat berserker
   131 | D        | Noticed a wretched soul
   131 | D        | Killed a dread
   132 | D        | Killed a meat berserker
   132 | D        | Noticed a tyrant
   133 | D        | Noticed a meat beast
   133 | D        | Noticed an accursed
   133 | D        | Noticed a wretched soul
   133 | D        | Killed a meat berserker
   134 | D        | Noticed a dread
   134 | D        | Noticed a bag of meat
   134 | D        | Noticed a meat beast
   134 | D        | Killed a fleshlord
   135 | D        | Noticed a bag of meat
   135 | D        | Killed a dread
   136 | D        | Noticed a fleshlord
   136 | D        | Noticed a bag of meat
   136 | D        | Killed a meat beast
   137 | D        | Noticed a meat berserker
   138 | D        | Killed a meat beast
   138 | D        | Killed a wretched soul
   139 | D        | Noticed a meat beast
   139 | D        | Noticed a meat berserker
   139 | D        | Killed a wretched soul
   139 | D        | Killed a tyrant
   140 | D        | Noticed a bag of meat
   140 | D        | Noticed a meat beast
   140 | D        | Noticed a sculptor of flesh
   141 | D        | Noticed a bag of meat
   141 | D        | Noticed a bag of meat
   142 | D        | Noticed a bag of meat
   143 | D        | Noticed a bag of meat
   143 | D        | Noticed a fleshlord
   143 | D        | Noticed a fleshlord
   143 | D        | Killed a meat beast
   144 | D        | Noticed an accursed
   144 | D        | Killed a meat berserker
   144 | D        | Killed a bag of meat
   144 | D        | Killed a bag of meat
   144 | D        | Mangled by a fleshlord

Action                   |  1- 3 |  4- 6 |  7- 9 | 10-12 | 13-15 | 16-18 | 19-21 | 22-24 | 25-27 || total
-------------------------+-------+-------+-------+-------+-------+-------+-------+-------+-------++-------
Melee: Executioner's axe |     1 |       |       |     2 |     1 |     5 |    10 |    20 |    51 ||    90
 Cast: Apportation       |       |       |       |       |       |       |     1 |       |     1 ||     2
